 Dungeon Crawl Stone Soup version 0.30.0-29-ga12c61a403 (webtiles) character file.

Game seed: 3504781723640460725

9 Edyrem the Shooter (level 2, 23/23 HPs)
             Began as a Barachi Hunter on June 6, 2023.
             Quit the game on level 1 of the Dungeon.
             The game lasted 00:00:52 (188 turns).

Edyrem the Shooter (Barachi Hunter)                  Turns: 188, Time: 00:00:53

Health: 23/23      AC:  3    Str: 12    XL:     2   Next: 16%
Magic:  2/2        EV: 12    Int:  9    God:
Gold:   73         SH:  0    Dex: 15    Spells: 1/1 levels left

rFire   . . .        a - +0 shortbow
rCold   . . .        (shield currently unavailable)
rNeg    . . .        c - +0 leather armour
rPois   .            (no helmet)
rElec   .            (no cloak)
rCorr   .            (no gloves)
SInv    .            (no boots)
Will    .....        (no amulet)
Stlth   +            (no ring)
HPRegen 0.23/turn    (no ring)
MPRegen 0.08/turn

%: no passive effects
@: slow
A: amphibious, slowness 1, strong legs 1, +LOS
a: Hop


You were on level 1 of the Dungeon.
You visited 1 branch of the dungeon, and saw 1 of its levels.

You collected 73 gold pieces.

Inventory:

Hand Weapons
 a - a +0 shortbow (weapon)
Armour
 c - a +0 leather armour (worn)
Scrolls
 b - a scroll of immolation
 d - 2 scrolls of identify {unknown}
 f - a scroll of acquirement {unknown}
 g - a scroll of teleportation {unknown}
 h - a scroll of summoning {unknown}
Potions
 e - a potion of brilliance {unknown}
 i - a potion of lignification {unknown}


   Skills:
 + Level 2.7 Fighting
 * Level 4.2 Ranged Weapons
 + Level 2.4 Dodging
 - Level 0.8 Stealth


You had one spell level left.
You didn't know any spells.
Your spell library was empty.

Dungeon Overview and Level Annotations

Branches:
Dungeon (1/15)

Altars:


Innate Abilities, Weirdness & Mutations

You are amphibious.
You cover ground slowly.
You can hop short distances.
You have an extended range of vision and can be seen from far away.


Message History

The arrow hits the kobold!
You kill the kobold!
The bat closely misses you.
You shoot an arrow. The arrow closely misses the kobold.
The bat hits you but does no damage. The kobold completely misses you.
You shoot an arrow. The arrow hits the kobold!
You kill the kobold!
The bat hits you but does no damage.
You have reached level 2!
You shoot an arrow. The arrow closely misses the bat.
The bat barely misses you. The bat closely misses you. The bat hits you.
You shoot an arrow. The arrow closely misses the bat.
The bat closely misses you.
You shoot an arrow. The arrow hits the bat!
You kill the bat!
No target in view!
There is a stone staircase leading down here.
You now have 58 gold pieces (gained 6).
g - a scroll labelled KAROSTR ZUULA
Found a trident.
h - a scroll labelled AFATOL GEVORUN A kobold comes into view.
It is wielding a +0 club.
A rat comes into view.
You shoot an arrow. The arrow hits the rat!
You kill the rat!
The kobold shouts!
You shoot an arrow. The arrow hits the kobold!
You kill the kobold!
No target in view!
No target in view!
No target in view!
Found 9 stones.
Found a ring mail.
Found a stone staircase leading down.
Found a club.
Found a fizzy white potion.
i - a viscous dark potion You now have 73 gold pieces (gained 15).
You enter the deep water.
Are you sure you want to abandon this character and quit the game? (Confirm with "yes".)

#.... #####.≈#
#~♣~ ##
#..!.##.....≈#
####8####8
..).#......≈#
+.......'.
......>...≈#
##8#'#8##8
#........≈#
###'#####
#..[.....≈#
#♣♣.....♣♣#
#........≈♣
♣~.......~♣
#...(....≈#
#.........#
#.#......@#
#...~♣~...#
#.##......+
+...♣8♣...+
#......).≈#
#...~♣~...#
#........≈#
#.........#
#........≈♣
♣~.......~♣
#........≈#
#♣♣.....♣♣# #.
##...###.≈#
###'#####
#...##.#.# #.≈#
##8#'#8##8
#.†......##(.≈#
+.......'.


There were no monsters in sight!

Vanquished Creatures
  A bat (D:1)
  An endoplasm (D:1)
  A hobgoblin (D:1)
  3 kobolds (D:1)
  3 rats (D:1)
9 creatures vanquished.

Notes
Turn   | Place    | Note
-------+----------+-------------------------------------------
     0 | D:1      | Edyrem the Barachi Hunter began the quest for the Orb.
     0 | D:1      | Reached XP level 1. HP: 17/17 MP: 1/1
   147 | D:1      | Reached XP level 2. HP: 23/23 MP: 2/2
   188 | D:1      | Quit the game

Illustrated notes

Levels and vault maps discovered:
D:1:      saegor_arrival_fortress, layout_rooms, minmay_pentomino_z2

Action                     || total
---------------------------++-------
   Fire: Shortbow          ||    23
 Armour: Leather armour    ||     2
  Dodge: Dodged            ||     8
